 Dungeon Crawl Stone Soup version 0.29-a0-668-g12ee2bf84d (webtiles) character file.

Game seed: 1398471477510019494

191 zeratav the Tainter (level 6, -10/42 HPs)
             Began as a Formicid Venom Mage on June 23, 2022.
             Mangled by Pikel
             ... wielding a +2 whip of electrocution
              (18 damage)
             ... on level 3 of the Dungeon.
             The game lasted 00:08:27 (4495 turns).

zeratav the Tainter (Formicid Venom Mage)           Turns: 4495, Time: 00:08:27

Health: -10/42     AC:  3    Str: 14    XL:     6   Next: 1%
Magic:  0/9        EV: 12    Int: 15    God:
Gold:   147        SH:  0    Dex: 14    Spells: 4/9 levels left

rFire   . . .      SeeInvis +   g - +0 mace {mace}
rCold   . . .      Faith    .   (no shield)
rNeg    . . .      Spirit   .   a - +0 robe
rPois   .          Reflect  .   (helmet unavailable)
rElec   .          Harm     .   (no cloak)
rCorr   .          Rampage  .   f - +0 pair of gloves {hurl}
Will    .....                   (no boots)
Stlth   ++........              (no amulet)
HPRegen 0.14/turn               (no ring)
MPRegen 0.11/turn               (no ring)

@: radiating poison
A: permanent stasis, dig shafts and tunnels, antennae 3, four strong arms
a: Dig, Shaft Self


You were on level 3 of the Dungeon.
You visited 1 branch of the dungeon, and saw 4 of its levels.

You collected 147 gold pieces.


Innate Abilities, Weirdness & Mutations

You cannot be hasted, slowed, berserked, paralysed or teleported.
You can dig through walls and to a lower floor.
You have a pair of large antennae on your head. (SInv)
Your four strong arms can wield two-handed weapons with a shield.


   Skills:
 + Level 0.7 Fighting
 - Level 1.7 Dodging
 + Level 2.7 Stealth
 - Level 2.1 Spellcasting
 - Level 1.1 Transmutations
 - Level 8.0 Poison Magic


You had 4 spell levels left.
You knew the following spells:

 Your Spells              Type           Power      Damage    Failure   Level
a - Sting                 Tmut/Pois      60%        1d6       3%          1
b - Olgreb's Toxic Radia  Pois           25%        N/A       9%          4

Your spell library contained the following spells:

 Spells                   Type           Power      Damage    Failure   Level
 Poisonous Vapours        Pois/Air       26%        N/A       6%          2
 Mephitic Cloud           Conj/Pois/Air  9%         N/A       22%         3

Inventory:

Hand Weapons
 g - a +0 mace (weapon) {mace}
   (You found it on level 1 of the Dungeon)
 j - a +1 dagger of speed {short}
   (You took it off a kobold on level 2 of the Dungeon)
 s - a +0 falchion of holy wrath {long}
   (You took it off an orc on level 3 of the Dungeon)
Missiles
 m - 4 javelins (quivered) {throwing}
 t - 2 poisoned darts {throwing}
Armour
 a - a +0 robe (worn)
 f - a +0 pair of gloves of hurling (worn)
   (You found it on level 1 of the Dungeon)
Wands
 q - a wand of mindburst (13)
   (You found it on level 3 of the Dungeon)
 u - a wand of paralysis (11)
   (You found it on level 4 of the Dungeon)
Scrolls
 c - 3 scrolls of teleportation {unknown}
 d - a scroll of noise {unknown}
 i - 2 scrolls of identify {unknown}
 l - 2 scrolls of enchant armour {unknown}
Potions
 b - a potion of magic
 e - a potion of curing {unknown}
 h - a potion of mutation {unknown}
 k - a potion of might {unknown}
 n - a potion of heal wounds {unknown}
 o - a potion of degeneration {unknown}
 p - a potion of attraction {unknown}
 r - a potion of flight {unknown}
 v - 3 potions of ambrosia {unknown}

Dungeon Overview and Level Annotations

Branches:
Dungeon (4/15) Zot: 19465
 Temple: D:4-7

Altars:
Yredelemnul

Annotations:
D:3 Pikel

##.#^# #### #... ####^...# #..#
#... #..'..^_############..####
#... #.##.^^.##...##.<........#
#...
#.###^#.##...##..........########
#.# ######.......................
#.# ######..)##..........#####...
#.###........##..................
#............##K@..........####..
#########...#######...##...).###.
#.#)#########..#..##..)..
#.#...)..# ##.......##..
#.#......# ##..####...#..
#........###...# #....#.
#........#...#.# ####..#
#...........##.# #...
#...........##.# ##..


You could see Pikel (poisoned).


Message History

Casting: Olgreb's Toxic Radiance (quite dangerous; 9% risk of failure)
Confirm with . or Enter, or press ? or * to list all spells.
The spell is quite dangerous to miscast (9% risk of failure)!
Continue anyway?
You begin to radiate toxic energy.
The kobold is poisoned.
You kill the kobold!
MP[-4]
You lost 4 mp, and now have 5/9 mp.
Your toxic aura wanes.
You start resting.
MP[+4]
Your mp is fully restored (9).
Found a stone staircase leading down.
A lemure comes into view.
The lemure shouts!
Pikel, Merchant of Souls comes into view.
He is wielding a +2 whip of electrocution.
Casting: Olgreb's Toxic Radiance (quite dangerous; 9% risk of failure)
Confirm with . or Enter, or press ? or * to list all spells.
The spell is quite dangerous to miscast (9% risk of failure)!
Continue anyway?
You begin to radiate toxic energy.
Pikel is poisoned.
The lemure is poisoned.
The lemure looks even sicker.
MP[-4]
You lost 4 mp, and now have 5/9 mp.
Your toxic aura wanes.
Casting: Olgreb's Toxic Radiance (quite dangerous; 9% risk of failure)
Confirm with . or Enter, or press ? or * to list all spells.
The spell is quite dangerous to miscast (9% risk of failure)!
Continue anyway?
You begin to radiate toxic energy.
Pikel looks even sicker.
The lemure looks even sicker.
MP[-4]
You lost 4 mp, and now have 1/9 mp.
The lemure looks as sick as possible!
Your toxic aura wanes.
MP[+1] Throw: 9 javelins {throwing}
Press: ? - help, Q - select action, (/) - cycle Shift-Dir - straight line, f - Pikel
Aim: Pikel, wielding a +2 whip of electrocution and wearing a +0 robe (moderately wounded, poisoned, 56% to hit)
You throw a javelin {throwing}.
The javelin {throwing} pierces through the lemure!
You kill the lemure!
That felt strangely unrewarding.
The javelin {throwing} pierces through Pikel but does no damage.
Throw: 8 javelins {throwing}
Press: ? - help, Q - select action, (/) - cycle Shift-Dir - straight line, f/p - Pikel
Aim: Pikel, wielding a +2 whip of electrocution and wearing a +0 robe (heavily wounded, poisoned, 56% to hit)
You throw a javelin {throwing}.
The javelin {throwing} pierces through Pikel but does no damage.
You hear a shout!
A lemure comes into view.
Throw: 7 javelins {throwing}
Press: ? - help, Q - select action, (/) - cycle Shift-Dir - straight line, f/p - Pikel
Aim: Pikel, wielding a +2 whip of electrocution and wearing a +0 robe (heavily wounded, poisoned, 56% to hit)
You throw a javelin {throwing}.
The javelin {throwing} pierces through Pikel!
The javelin {throwing} pierces through the lemure!
Pikel looks more healthy.
A lemure comes into view. x2
Pikel barely misses you.
You closely miss Pikel.
The lemure shouts!
Pikel closely misses you.
There is a stone staircase leading up here.
MP[+1]
You barely miss Pikel.
Pikel hits you with a +2 whip of electrocution.
HP[-2]
You take 2 damage, and now have 40/42 hp.
Pikel closely misses you.
You climb upwards.
There is a stone staircase leading down here.
HP[+1]
You hit Pikel. Pikel barely misses you. Pikel closely misses you.
You barely miss Pikel. Pikel closely misses you.
Throw: 6 javelins {throwing}
Press: ? - help, Q - select action, (/) - cycle Shift-Dir - straight line, f - Pikel
Aim: Pikel, wielding a +2 whip of electrocution and wearing a +0 robe (severely wounded, 56% to hit)
You throw a javelin {throwing}.
The javelin {throwing} closely misses Pikel.
Pikel hits you with a +2 whip of electrocution.
Pikel completely misses you.
HP[-6]
You take 6 damage, and now have 35/42 hp.
Throw: 5 javelins {throwing}
Press: ? - help, Q - select action, (/) - cycle Shift-Dir - straight line, f/p - Pikel
Aim: Pikel, wielding a +2 whip of electrocution and wearing a +0 robe (severely wounded, 56% to hit)
You throw a javelin {throwing}.
The javelin {throwing} closely misses Pikel.
Pikel hits you with a +2 whip of electrocution!
You are electrocuted!
* * * LOW HITPOINT WARNING * * *
HP[-18] MP[+1]
You take 18 damage, and now have 17/42 hp.
MASSIVE DAMAGE!! (PAUSE)
Casting: Olgreb's Toxic Radiance (quite dangerous; 9% risk of failure)
Confirm with . or Enter, or press ? or * to list all spells.
The spell is quite dangerous to miscast (9% risk of failure)!
Continue anyway?
You begin to radiate toxic energy.
Pikel is poisoned.
Pikel hits you with a +2 whip of electrocution!
* * * LOW HITPOINT WARNING * * *
You are electrocuted!!
You die...

Skill      XL: |  1  2  3  4  5 |
---------------+----------------+-----
Poison Magic   | 5 6 7 8 |  8.0
Fighting       | |  0.7
Dodging        | |  1.7
Stealth        | |  2.7
Spellcasting   | |  2.1
Transmutations | |  1.1

Action                   |  1- 3 |  4- 6 || total
-------------------------+-------+-------++-------
Melee: Spear             |     5 |       ||     5
       Mace              |    13 |    35 ||    48
Throw: Javelin           |       |    10 ||    10
       Stone             |       |     5 ||     5
 Cast: Sting             |    58 |    29 ||    87
       Olgreb's Toxic Ra |       |     9 ||     9
Evoke: Wand              |       |     2 ||     2
 Stab: Sleeping          |     1 |     2 ||     3
Armor: Robe              |     4 |     5 ||     9
Dodge: Dodged            |    19 |    39 ||    58

Levels and vault maps discovered:
D:1:      ncdulo_halloftheorcs, layout_loops_cross,
          dreamdust_ecumenical_altar_statues, serial_bayou_lagoon_b
D:2:      layout_loops_ring, minmay_splitting_lines
D:3:      layout_rooms, yredelemnul_forgotten_temple_becter, nrook_mini_vaults,
          hex_tiny
D:4:      layout_cave_pools, uniq_pikel

Notes
Turn   | Place    | Note
-------+----------+-------------------------------------------
     0 | D:1      | zeratav the Formicid Venom Mage began the quest for the
                  | Orb.
     0 | D:1      | Reached XP level 1. HP: 13/13 MP: 3/3
     0 | D:1      | magus.rc [v1.9.6]
   236 | D:1      | HP: 3/13 [frozen (2)]
   513 | D:1      | Found a faded altar of an unknown god.
   618 | D:1      | Reached XP level 2. HP: 19/19 MP: 0/5
  1088 | D:1      | Reached skill level 5 in Poison Magic
  1352 | D:1      | Reached XP level 3. HP: 14/24 MP: 0/6
  2283 | D:2      | Reached skill level 6 in Poison Magic
  2378 | D:2      | Reached XP level 4. HP: 26/30 MP: 3/7
  2784 | D:2      | Learned a level 4 spell: Olgreb's Toxic Radiance
  3618 | D:3      | Reached skill level 7 in Poison Magic
  3618 | D:3      | Reached XP level 5. HP: 31/35 MP: 8/8
  4198 | D:3      | Found a basalt altar of Yredelemnul.
  4267 | D:4      | Reached skill level 8 in Poison Magic
  4322 | D:4      | Reached XP level 6. HP: 42/42 MP: 4/9
  4469 | D:4      | Noticed Pikel
  4495 | D:3      | HP: 8/42 [Pikel/+2 whip of electrocution (10)]
  4495 | D:3      | Mangled by Pikel

Vanquished Creatures
  A lemure (D:4)
  A necrophage (D:4)
  An orc priest (D:3)
  3 adders
  3 dart slugs
  10 orcs
  4 bats
  12 endoplasms
  A giant cockroach (D:1)
  A goblin (D:2)
  5 hobgoblins
  6 kobolds
  4 quokkas
  4 frilled lizards
  2 rats (D:2)
  A spectral orc (D:3)
59 creatures vanquished.

Table legend:
 A = Non-vault XP
 B = Vault XP
 C = Vault XP percentage of total XP
 D = Non-vault monster count
 E = Vault monster count
 F = Vault count percentage of total count
                 A         B        C        D         E       F
            +---------+---------+-------+---------+---------+-------
      Total |     272 |       1 |   0.4 |      57 |       1 |   1.7
            +---------+---------+-------+---------+---------+-------
        D:1 |      31 |       0 |   0.0 |      17 |       0 |   0.0
        D:2 |      51 |       0 |   0.0 |      14 |       0 |   0.0
        D:3 |      99 |       1 |   1.0 |      21 |       1 |   4.5
        D:4 |      91 |       0 |   0.0 |       5 |       0 |   0.0
            +---------+---------+-------+---------+---------+-------

Illustrated notes

Table legend:
 A = Kills in this place as a percentage of kills in entire the game.
 B = Kills by you in this place as a percentage of kills by you in the entire game.
 C = Kills by friends in this place as a percentage of kills by friends in the entire game.
 D = Other kills in this place as a percentage of other kills in the entire game.
 E = Experience gained in this place as a percentage of experience gained in the entire game.
 F = Experience gained in this place divided by the number of levels of this place that you have seen.
                   A       B       C       D       E      F
               +-------+-------+-------+-------+-------+----------------------
         Total | 100.0 | 100.0 |   N/A |   N/A | 100.0 |  68.2
       Dungeon | 100.0 | 100.0 |   N/A |   N/A | 100.0 |  68.2
               +-------+-------+-------+-------+-------+----------------------

Table legend: (Time is in decaauts)
 A = Elapsed time spent in this place.
 B = Non-inter-level travel time spent in this place.
 C = Inter-level travel time spent in this place.
 D = Time resting spent in this place.
 E = Time spent auto-exploring this place.
 F = Levels seen in this place.
 G = Mean time per level.
                   A        B        C        D        E       F      G
               +--------+--------+--------+--------+--------+-----+--------+
         Total |   4533 |   4338 |    195 |    965 |   2736 |   4 | 1133.2 |
       Dungeon |   4533 |   4338 |    195 |    965 |   2736 |   4 | 1133.2 |
               +--------+--------+--------+--------+--------+-----+--------+

Top non-repeatable levels by time:
     D:1: 1684 daAuts
     D:2: 1377 daAuts
     D:3: 1210 daAuts
     D:4: 261 daAuts
